 Dungeon Crawl Stone Soup version 0.31-a0-365-gcf821cafb2 (webtiles) character file.

Game seed: 10781461059702691382

27 EonArisen the Trooper (level 3, -1/24 HPs)
             Began as a Gargoyle Chaos Knight on July 27, 2023.
             Was a Plaything of Xom.
             Slain by a kobold
             ... wielding a +0 club
              (2 damage)
             ... on level 3 of the Dungeon.
             The game lasted 00:04:40 (415 turns).

EonArisen the Trooper (Gargoyle Chaos Knight)        Turns: 415, Time: 00:04:41

Health: -1/24      AC:  8    Str: 17    XL:     3   Next: 10%
Magic:  3/3        EV: 11    Int: 12    God:    Xom [..*...]
Gold:   14         SH:  0    Dex:  9    Spells: 2/2 levels left

rFire   . . .        a - +0 mace (chaos)
rCold   . . .        (no shield)
rNeg    + . .        b - +2 leather armour
rPois   ∞            (no helmet)
rElec   +            (no cloak)
rCorr   .            (no gloves)
SInv    .            (no boots)
Will    .....        (no amulet)
Stlth   +            (no ring)
HPRegen 0.24/turn    (no ring)
MPRegen 0.08/turn

%: no passive effects
@: hasted, very quick
A: sickness immunity, AC +3, negative energy resistance 1, electricity
resistance, torment resistance 1, petrification resistance
a: Renounce Religion


You were on level 3 of the Dungeon.
You worshipped Xom.
You were a toy of Xom.
You visited 1 branch of the dungeon, and saw 3 of its levels.

You collected 14 gold pieces.

Inventory:

Hand Weapons
 a - a +0 mace of chaos (weapon)
 f - a +0 falchion
Armour
 b - a +2 leather armour (worn)
Scrolls
 e - a scroll of revelation {unknown}
Potions
 d - a potion of degeneration {unknown}
Miscellaneous
 c - a piece from Xom's chessboard (15/15) (quivered)


   Skills:
 + Level 3.8 Fighting
 + Level 3.5 Maces & Flails
 + Level 2.3 Armour
 + Level 1.0 Dodging


You had 2 spell levels left.
You didn't know any spells.
Your spell library contained the following spells:

 Spells                   Type           Power      Damage    Failure   Level
 Ensorcelled Hibernation  Hex/Ice        0%         N/A       52%         2
 Wereblood                Tmut           0%         N/A       52%         2
 Anguish                  Hex/Necr       0%         N/A       98%         4
 Summon Hydra             Summ           0%         N/A       100%        7
 Sublimation of Blood     Necr           Unusable   N/A       N/A         2

Dungeon Overview and Level Annotations

Branches:
Dungeon (3/15)

Altars:


Innate Abilities, Weirdness & Mutations

You are immune to sickness and miasma.
Your stone body is resilient. (AC +3)
You are immune to poison.
You resist negative energy. (rN+)
You are resistant to electric shocks. (rElec)
You are resistant to unholy torment.
You are immune to petrification.


Message History

The iguana bites you but does no damage.
You closely miss the kobold.
The kobold is severely wounded.
The kobold closely misses you. The rat closely misses you.
The iguana bites you but does no damage.
You barely miss the kobold.
The kobold is severely wounded.
The kobold hits you but does no damage. The rat bites you but does no damage.
The iguana bites you.
You sock the iguana! You freeze the iguana.
The iguana is almost dead.
Xom smiles on you.
You feel yourself speed up.
The kobold hits you with a +4 whip of flaming!
The kobold burns you. The kobold hits you with a +0 club.
The rat closely misses you. The iguana barely misses you. The adder misses you.
The kobold hits you with a +4 whip of flaming.
* * * LOW HITPOINT WARNING * * *
The kobold burns you.
* * * LOW HITPOINT WARNING * * *
The rat closely misses you. The iguana closely misses you.
The kobold barely misses you.
You barely miss the iguana.
The iguana is almost dead.
The adder misses you.
You barely miss the iguana.
The iguana is almost dead.
The kobold hits you but does no damage. The kobold hits you with a +0 club.
* * * LOW HITPOINT WARNING * * *
The adder misses you. The goblin barely misses you. The rat closely misses you.
The iguana closely misses you.
You closely miss the iguana.
The iguana is almost dead.
The adder closely misses you.
The kobold hits you with a +4 whip of flaming.
* * * LOW HITPOINT WARNING * * *
The kobold burns you.
* * * LOW HITPOINT WARNING * * *
The kobold hits you with a +0 club.
You die...

.......########
...)#.....#...(
.................
)................
.................
.................
........Krg......
.......l@K......
..#...S........
#..<.........
#.............
#...#.####..####
...#... .##
.##..## .# ...#
.# ###


You could see an iguana, an adder, a goblin, 2 kobolds and a rat.

Vanquished Creatures
  An adder (D:2)
  2 endoplasms
  A giant cockroach (D:2)
  A kobold (D:1)
  2 quokkas
  A ball python (D:3)
  A bat (D:2)
  A frilled lizard (D:2)
  3 goblins
  6 rats
19 creatures vanquished.

Notes
Turn   | Place    | Note
-------+----------+-------------------------------------------
     0 | D:1      | EonArisen the Gargoyle Chaos Knight began the quest for the
                  | Orb.
     0 | D:1      | Reached XP level 1. HP: 14/14 MP: 1/1
   120 | D:1      | Reached XP level 2. HP: 9/19 MP: 2/2
   179 | D:1      | XOM: divination: magic mapping
   226 | D:2      | XOM: divination: detect creatures
   335 | D:2      | XOM: cast spell 'Call Canine Familiar'
   338 | D:2      | Reached skill level 1 in Dodging
   338 | D:2      | Reached XP level 3. HP: 24/24 MP: 3/3
   405 | D:3      | XOM: noise
   412 | D:3      | XOM: potion effect (haste)
   415 | D:3      | HP: 1/24 [kobold/+4 whip of flaming (1)]
   415 | D:3      | Slain by a kobold

Illustrated notes

Levels and vault maps discovered:
D:1:      dpeg_arrival_ratfight, layout_loops_corners, amethyst_killhole
D:2:      layout_loops_ring, dreamdust_ecumenical_altar_drowned_temple
D:3:      layout_rooms, dk_yredelemnul_ordeal, okawaru_metal_pillars_1_2,
          serial_bayou_pond_e, uniq_crazy_yiuf_cottage, uniq_grinder

Skill      XL: |  1  2 |
---------------+-------+-----
Dodging        | 1 |  1.0
Fighting       | |  3.8
Maces & Flails | |  3.5
Armour         | |  2.3

Action                     || total
---------------------------++-------
  Melee: Mace              ||    58
         Punch             ||     2
 Armour: Leather armour    ||    30
  Dodge: Dodged            ||    69

Table legend: (Time is in decaauts)
 A = Elapsed time spent in this place.
 B = Non-inter-level travel time spent in this place.
 C = Inter-level travel time spent in this place.
 D = Time resting spent in this place.
 E = Time spent auto-exploring this place.
 F = Levels seen in this place.
 G = Mean time per level.
                   A        B        C        D        E       F      G
               +--------+--------+--------+--------+--------+-----+--------+
         Total |    427 |    413 |     14 |     38 |      0 |   3 |  142.3 |
       Dungeon |    427 |    413 |     14 |     38 |      0 |   3 |  142.3 |
               +--------+--------+--------+--------+--------+-----+--------+

Top non-repeatable levels by time:
     D:1: 230 daAuts
     D:2: 179 daAuts
     D:3: 17 daAuts
